 Dungeon Crawl Stone Soup version 0.18-a0-1685-g4482fe3 (webtiles) character file.

74 lestiduZ the Skirmisher (level 4, -12/37 HPs)
             Began as a Human Berserker on Apr 4, 2016.
             Was a Believer of Trog.
             Killed by divine providence
             ... invoked by an orc priest
              (16 damage)
             ... on level 3 of the Dungeon.
             The game lasted 00:14:10 (2512 turns).

lestiduZ the Skirmisher (Human Berserker)           Turns: 2512, Time: 00:14:10

Health: -12/37     AC:  6    Str: 19    XL:     4   Next: 52%
Magic:  4/4        EV: 10    Int:  7    God:    Trog [**....]
Gold:   84         SH:  0    Dex: 12    Spells: 0 memorised, 3 levels left

rFire  . . .     SeeInvis .     a - +0 falchion
rCold  . . .     Gourm    .     e - +0 scale mail
rNeg   . . .     Faith    .     (no shield)
rPois  .         Spirit   .     (no helmet)
rElec  .         Dismiss  .     (no cloak)
rCorr  .         Reflect  .     (no gloves)
SustAt .         Harm     .     (no boots)
MR     .....                    (no amulet)
Stlth  ..........               (no ring)
                                (no ring)

@: not resistant to hostile enchantments, extremely unstealthy
A: no striking features
a: Berserk, Trog's Hand, Burn Spellbooks, Renounce Religion


You were on level 3 of the Dungeon.
You worshipped Trog.
Trog was pleased with you.
You were not hungry.

You visited 1 branch of the dungeon, and saw 3 of its levels.

You collected 84 gold pieces.

Inventory:

Hand Weapons
 a - a +0 falchion (weapon)
 i - a +2 mace of crushing
 p - a +0 club
Missiles
 f - 62 arrows
 l - 4 tomahawks (quivered)
 s - 18 silver bolts
Armour
 b - a +0 animal skin
 e - a +0 scale mail (worn)
 j - a cursed +0 crystal plate armour
 q - a +0 ring mail
 w - a +0 leather armour
Jewellery
 h - an uncursed ring of flight {unknown}
Scrolls
 m - a scroll of magic mapping {unknown}
 n - 3 scrolls of remove curse {unknown}
 r - 4 scrolls of identify {unknown}
 t - a scroll of enchant armour {unknown}
 v - a scroll of enchant weapon {unknown}
 x - a scroll of teleportation {unknown}
Potions
 d - a potion of cure mutation {unknown}
 g - a potion of ambrosia {unknown}
 k - 2 potions of curing {unknown}
 o - a potion of might {unknown}
 u - a potion of mutation {unknown}
Comestibles
 c - 5 chunks of flesh


   Skills:
 + Level 3.8 Fighting
 + Level 3.5 Long Blades
 + Level 2.4 Armour
 + Level 2.6 Dodging
 + Level 0.4 Stealth


You had 3 spell levels left.
You didn't know any spells.

Dungeon Overview and Level Annotations

Branches:
Dungeon (3/15)

Altars:
Fedhas
Ru


Message History

You see here a scroll labeled CISURO APHIAP.
t - a scroll labeled CISURO APHIAP The orc priest invokes the aid of Beogh against you.
Beogh smites you!
The kobold throws a stone.
The stone closely misses you.
Found 12 gold pieces.
The orc priest calls down the wrath of Beogh upon you.
Beogh smites you!
* * * LOW HITPOINT WARNING * * *
The kobold throws a stone.
The stone barely misses you. The orc hits you but does no damage.
There are monsters nearby!
The orc priest invokes the aid of Beogh against you.
Beogh smites you!
* * * LOW HITPOINT WARNING * * *
You see here a stone.
The orc barely misses you.
The orc priest mumbles some strange prayers to Beogh against you.
Beogh smites you!
You die...

#.......# ### #.......# ..#
# ##...## #.#.#
#.....######.#># .#
#....(.o.K.....# ##.#
#.####.....######K#.# #..
.#........(.# #.#.# #.#
#.###.P.P.#.#####K#.###.###
#.# #.._.....@o.o.#.#.....#
# #.#
#.P.P.#.#######.#.....##.#
##)###.....### #..........#
##.).#.....## #.#.....###
#..##..##### #.#.....#
#...#.## ##########.###.###
#..##.# #..........#...#
##...## #.##########.###
#.### #.# #.#


You could see an orc priest, an orc and a kobold.

Vanquished Creatures
  2 adders (D:2)
  An ooze (D:1)
  A worm (D:2)
  A dart slug (D:1)
  A giant gecko (D:3)
  4 bats
  2 giant cockroaches (D:2)
  3 goblins
  11 hobgoblins
  2 jackals (D:1)
  6 kobolds
  4 giant newts
  4 rats
42 creatures vanquished.

Notes
Turn   | Place    | Note
--------------------------------------------------------------
     0 | D:1      | lestiduZ the Human Berserker began the quest for the Orb.
     0 | D:1      | Reached XP level 1. HP: 18/18 MP: 1/1
   226 | D:1      | Reached XP level 2. HP: 22/24 MP: 2/2
   658 | D:1      | Reached XP level 3. HP: 28/29 MP: 3/3
   991 | D:2      | Reached ** piety under Trog
  1082 | D:2      | Reached XP level 4. HP: 31/37 MP: 4/4
  1194 | D:2      | Found a faded altar to an unknown god.
  1680 | D:2      | Paralysed by fainting for 11 turns
  1698 | D:2      | Found a sacrificial altar of Ru.
  1718 | D:2      | Paralysed by fainting for 11 turns
  1732 | D:2      | Paralysed by fainting for 10 turns
  1755 | D:2      | Paralysed by fainting for 5 turns
  1767 | D:2      | Paralysed by fainting for 10 turns
  2474 | D:3      | Found a blossoming altar of Fedhas.
  2512 | D:3      | Killed from afar by an orc priest

Vault maps used:
D:1:      minmay_arrival_cross, minmay_splitting_lines
D:2:      ecumenical_altar_1, hangedman_ru_absence
D:3:      fedhas_altar_1

Action                   |  1- 3 |  4- 6 || total
-------------------------+-------+-------++-------
Melee: Falchion          |    99 |    90 ||   189
Throw: Tomahawk          |       |     6 ||     6
  Eat: Chunk             |       |     2 ||     2
       Bread ration      |       |     1 ||     1
       Pizza             |       |     1 ||     1
